 Dungeon Crawl Stone Soup version 0.30.1-9-gdf580d7c3d (webtiles) character file.

Game seed: 6205208149740898857

119 arthad the Digger (level 5, -1/40 HPs)
             Began as a Ghoul Earth Elementalist on Oct 12, 2023.
             Killed by divine providence
             ... invoked by an orc priest
              (13 damage)
             ... on level 3 of the Dungeon.
             The game lasted 00:06:40 (2394 turns).

arthad the Digger (Ghoul Earth Elementalist)        Turns: 2394, Time: 00:06:40

Health: -1/40      AC:  3    Str: 12    XL:     5   Next: 3%
Magic:  6/7        EV: 12    Int: 12    God:
Gold:   71         SH:  0    Dex:  9    Spells: 2/9 levels left

rFire   . . .        h - +1 dagger (venom)
rCold   + . .        (no shield)
rNeg    + + +        a - +0 robe
rPois   ∞            (no helmet)
rElec   .            i - +0 cloak
rCorr   .            (no gloves)
SInv    .            (no boots)
Will    .....        m - amulet of magic regeneration
Stlth   ++           (no ring)
HPRegen 0.00/turn    (no ring)
MPRegen 0.50/turn

%: no passive effects
@: inhibited regen
A: claws 1, cold resistance 1, negative energy resistance 3, inhibited
regeneration, torment resistance 2, devour on kill
a: no special abilities


You were on level 3 of the Dungeon.
You visited 1 branch of the dungeon, and saw 3 of its levels.

You collected 107 gold pieces.
You spent 36 gold pieces at shops.

Inventory:

Hand Weapons
 h - a +1 dagger of venom (weapon)
Armour
 a - a +0 robe (worn)
 i - a +0 cloak (worn)
Jewellery
 m - an amulet of magic regeneration (around neck)
Scrolls
 c - a scroll of noise {unknown}
 d - a scroll of enchant weapon {unknown}
 e - 4 scrolls of identify {unknown}
 f - a scroll of amnesia {unknown}
 j - a scroll of poison {unknown}
 l - a scroll of magic mapping {unknown}
 n - a scroll of enchant armour {unknown}
Potions
 b - 2 potions of magic
 g - 2 potions of curing
 k - a potion of brilliance {unknown}


   Skills:
 + Level 1.1 Fighting
 + Level 2.3 Dodging
 + Level 2.9 Stealth
 * Level 2.5 Spellcasting
 + Level 0.0 Conjurations
 + Level 0.0 Hexes
 + Level 0.7 Necromancy
 + Level 1.2 Transmutations
 * Level 4.2 Earth Magic


You had 2 spell levels left.
You knew the following spells:

 Your Spells              Type           Power      Damage    Failure   Level
a - Sandblast             Erth           22%        2d7       4%          1
b - Stone Arrow           Conj/Erth      12%        3d7       32%         3
c - Vampiric Draining     Necr           3%         2d6       50%         3

Your spell library contained the following spells:

 Spells                   Type           Power      Damage    Failure   Level
 Passwall                 Tmut/Erth      6%         N/A       13%         2
 Slow                     Hex            4%         N/A       26%         1
 Confusing Touch          Hex            1%         N/A       61%         3
 Tukima's Dance           Hex            1%         N/A       61%         3
 Petrify                  Tmut/Erth      8%         N/A       63%         4
 Passage of Golubria      Tloc           1%         N/A       95%         4
 Yara's Violent Unravell  Hex/Tmut       1%         3d3       99%         5


Dungeon Overview and Level Annotations

Branches:
Dungeon (3/15)

Altars:

Shops:
D:1 :*(*   D:2 (


Innate Abilities, Weirdness & Mutations

You are immune to poison.
You have sharp fingernails.
Your flesh is cold resistant. (rC+)
You are immune to negative energy. (rN+++)
You do not regenerate when monsters are visible.
You are immune to unholy pain and torment.
You thrive by killing the living.


Message History

A dart slug is nearby!
You can't see any susceptible monsters within range! (Use Z to cast anyway.)
The blast of sand hits the dart slug.
The dart slug is heavily wounded.
The blast of sand hits the dart slug.
You kill the dart slug!
You have reached level 5!
You feel stronger.
Magic restored.
There is a stone staircase leading up here.
Found a stone staircase leading up.
There is a stone staircase leading up here.
Found a stone staircase leading down.
An orc comes into view. It is wielding a +0 flail.
The orc shouts!
You hear a shout!
You hear an angry hiss.
You hear a shout!
An endoplasm comes into view.
The blast of sand hits the orc!
You kill the orc!
The endoplasm quivers.
An orc priest comes into view. It is wielding a +0 whip.
You can't see any susceptible monsters within range! (Use Z to cast anyway.)
You can't see any susceptible monsters within range! (Use Z to cast anyway.)
An orc priest comes into view. It is wielding a +0 dagger.
The orc priest shouts!
You hear a shout!
You hear an angry hiss.
The orc priest miscasts a cantrip.
The orc priest begins to cast a cantrip, but forgets the words!
There is a stone staircase leading up here.
The blast of sand hits the endoplasm.
The endoplasm is lightly wounded.
The blast of sand hits the endoplasm!
You kill the endoplasm!
The blast of sand misses the orc priest.
The orc priest invokes the aid of Beogh against you.
Beogh smites you!
The orc priest mumbles some strange prayers to Beogh against you.
Beogh smites you!
* * * LOW HITPOINT WARNING * * *
The orc priest mumbles some strange prayers to Beogh against you.
Beogh smites you!
You die...

..#.###.#..#
# #.#.#.#
#.#.. #
#.#.#.
#o#...#
#.### # #o#
#.## #.@#
##.#
#.######.#
.........#
#.######.#
#. #.#
.##.######.#
..........#
#...####.#


You could see 2 orc priests.

Vanquished Creatures
  4 gnolls
  An adder (D:2)
  4 worms (D:2)
  2 dart slugs
  An orc (D:3)
  5 endoplasms
  3 goblins (D:1)
  6 hobgoblins
  4 jackals (D:1)
  3 quokkas
  4 ball pythons
  2 bats
  A frilled lizard (D:1)
  7 kobolds
  4 rats (D:1)
51 creatures vanquished.

Notes
Turn   | Place    | Note
-------+----------+-------------------------------------------
     0 | D:1      | arthad the Ghoul Earth Elementalist began the quest for the
                  | Orb.
     0 | D:1      | Reached XP level 1. HP: 14/14 MP: 2/2
    37 | D:1      | Reached skill level 1 in Transmutations
   111 | D:1      | Found a faded altar of an unknown god.
   160 | D:1      | Reached XP level 2. HP: 20/20 MP: 1/3
   536 | D:1      | Found Kosei's Weapon Emporium.
   557 | D:1      | Found Likkarov's General Store.
   785 | D:1      | Reached XP level 3. HP: 27/27 MP: 2/5
   853 | D:1      | Found Unianum's Book Emporium.
   994 | D:1      | Found Deanat's General Store.
  1003 | D:1      | Bought a potion of curing for 36 gold pieces
  1553 | D:2      | Reached XP level 4. HP: 34/34 MP: 0/6
  1826 | D:2      | Found Leic Kenwo's Antique Weapon Shop.
  1900 | D:2      | Reached skill level 1 in Fighting
  1900 | D:2      | Reached skill level 4 in Earth Magic
  2332 | D:2      | Learned a level 3 spell: Stone Arrow
  2336 | D:2      | Learned a level 3 spell: Vampiric Draining
  2348 | D:3      | Reached XP level 5. HP: 40/40 MP: 5/7
  2394 | D:3      | Killed from afar by an orc priest

Illustrated notes

Levels and vault maps discovered:
D:1:      minmay_arrival_solitary_statue, layout_basic, serial_shops,
          nicolae_shop_bloodbath_and_beyond, nicolae_shop_pleasant_corner_grove,
          shop, nicolae_shop_stone, hellmonk_ecumenical_altar_slurped_away
D:2:      layout_loops_cross, serial_shops, nicolae_shop_real_fake_doors
D:3:      layout_loops_ring, tgw_sif

Skill      XL: |  1  2  3  4 |
---------------+-------------+-----
Transmutations | 1 |  1.2
Dodging        | 2 |  2.3
Spellcasting   | 2 |  2.5
Fighting       | 1 |  1.1
Earth Magic    | 4 |  4.2
Stealth        | |  2.9
Necromancy     | |  0.7

Action                     |  1- 3 |  4- 6 || total
---------------------------+-------+-------++-------
  Melee: Unarmed           |    33 |       ||    33
         Punch             |     1 |       ||     1
         Dagger            |     6 |       ||     6
   Cast: Sandblast         |    47 |    38 ||    85
 Armour: Robe              |    14 |     3 ||    17
  Dodge: Dodged            |    48 |     6 ||    54
